 Dungeon Crawl Stone Soup version 0.30.0-17-ge0270778cf (webtiles) character file.

Game seed: 5975783719467632334

526 NateTC the Cudgeller (level 7, -4/44 HPs)
             Began as a Gargoyle Fighter on May 21, 2023.
             Slain by Menkaure (14 damage)
             ... on level 5 of the Dungeon.
             The game lasted 00:04:49 (3380 turns).

NateTC the Cudgeller (Gargoyle Fighter)             Turns: 3380, Time: 00:04:49

Health: -4/44      AC: 15    Str: 22    XL:     7   Next: 23%
Magic:  7/7        EV:  8    Int:  8    God:
Gold:   301        SH:  6    Dex:  9    Spells: 6/6 levels left

rFire   . . .        n - +0 morningstar
rCold   . . .        c - +2 buckler
rNeg    + . .        e - +0 chain mail
rPois   ∞            (no helmet)
rElec   +            i - +0 cloak
rCorr   .            (no gloves)
SInv    .            (no boots)
Will    .....        h - amulet of the acrobat Stlth
                     (no ring)
HPRegen 0.27/turn    (no ring)
MPRegen 0.10/turn

%: acrobat
@: mighty
A: sickness immunity, AC +4, negative energy resistance 1, electricity
resistance, torment resistance 1, petrification resistance
a: no special abilities


You were on level 5 of the Dungeon.
You visited 1 branch of the dungeon, and saw 5 of its levels.

You collected 301 gold pieces.

Inventory:

Hand Weapons
 n - a +0 morningstar (weapon)
Armour
 c - a +2 buckler (worn)
 e - a +0 chain mail (worn)
 i - a +0 cloak (worn)
Jewellery
 h - an amulet of the acrobat (around neck)
Wands
 l - a wand of mindburst (18)
Scrolls
 f - a scroll of magic mapping
 k - 2 scrolls of poison
 q - 3 scrolls of teleportation
 u - a scroll of fog
Potions
 a - 3 potions of curing
 b - a potion of lignification
 d - a potion of might
 g - a potion of resistance
 j - 4 potions of mutation
 o - a potion of ambrosia {unknown}
 p - 2 potions of attraction {unknown}
 r - a potion of invisibility {unknown}
 s - a potion of berserk rage {unknown}


   Skills:
 - Level 5.5 Fighting
 * Level 6.4 Maces & Flails
 - Level 3.2 Armour
 - Level 3.2 Shields


You had 6 spell levels left.
You didn't know any spells.
Your spell library contained the following spells:

 Spells                   Type           Power      Damage    Failure   Level
 Apportation              Tloc           0%         N/A       98%         1
 Slow                     Hex            0%         N/A       98%         1
 Confusing Touch          Hex            0%         N/A       100%        3
 Frozen Ramparts          Ice            0%         1d1       100%        3
 Teleport Other           Tloc           0%         N/A       100%        3
 Vampiric Draining        Necr           0%         2d6       100%        3
 Ice Form                 Ice/Tmut       0%         N/A       100%        4
 Summon Ice Beast         Ice/Summ       0%         N/A       100%        4
 Fire Storm               Conj/Fire      0%         5d1       100%        9


Dungeon Overview and Level Annotations

Branches:
Dungeon (5/15) Zot: 26487
 Temple: D:4-7

Altars:
Hepliaklqana
Kikubaaqudgha
Nemelex Xobeh
Uskayaw
Wu Jian
Xom
Zin
The Shining One

Shops:
D:3 ?

Annotations:
D:5 Menkaure


Innate Abilities, Weirdness & Mutations

You are immune to sickness and miasma.
Your stone body is resilient. (AC +4)
You are immune to poison.
You resist negative energy. (rN+)
You are resistant to electric shocks. (rElec)
You are resistant to unholy torment.
You are immune to petrification.


Message History

Done exploring.
No target in view!
Done exploring.
No target in view!
Done exploring.
No target in view!
Done exploring.
As you read the scroll labelled LOFEAST NEOXT, it crumbles to dust.
A profound silence engulfs you.
It was a scroll of silence.
Magic scrolls do not work when you're silenced!
You start waiting.
Your hearing returns.
As you read the scroll labelled HAIPEPR POUFIS, it crumbles to dust.
The air around you briefly surges with heat, but it dissipates.
It was a scroll of immolation.
(D) Dungeon
Where to? (Enter - D:4, ? - help)
You see here a +0 dagger.
There is a stone staircase leading down here.
You climb downwards.
There is a stone staircase leading up here.
Menkaure is nearby!
You feel very mighty all of a sudden. You block Menkaure's attack.
You closely miss Menkaure. Menkaure casts a spell at you.
Pain shoots through your body!
You hit Menkaure but do no damage. Menkaure hits you!
You barely miss Menkaure. You block Menkaure's attack.
You closely miss Menkaure.
Menkaure gestures wildly while chanting.
Menkaure seems to speed up.
You closely miss Menkaure. Menkaure hits you!
You puncture Menkaure!
Menkaure is moderately damaged.
Menkaure hits you!
* * * LOW HITPOINT WARNING * * *
Menkaure rustles a few words.
Menkaure hits you!
You die... ###### #<@M.# ####.# #

You could see Menkaure (fast).

Vanquished Creatures
  Grinder (D:4)
  A black bear (D:4)
  Jessica (D:2)
  An iguana (D:4)
  4 gnolls (D:2)
  7 adders
  A dart slug (D:3)
  3 orcs
  3 ball pythons
  7 endoplasms
  6 giant cockroaches
  9 goblins
  9 hobgoblins
  8 jackals
  3 quokkas
  6 bats
  2 frilled lizards
  5 kobolds
  11 rats
88 creatures vanquished.

Notes
Turn   | Place    | Note
-------+----------+-------------------------------------------
     0 | D:1      | NateTC the Gargoyle Fighter began the quest for the Orb.
     0 | D:1      | Reached XP level 1. HP: 14/14 MP: 1/1
     3 | D:1      | Noticed an electric eel
     4 | D:1      | Noticed an electric eel
   100 | D:1      | Reached XP level 2. HP: 19/20 MP: 2/2
   578 | D:1      | Reached XP level 3. HP: 12/24 MP: 3/3
   902 | D:2      | Got the Omnibus of Disjunct Sparks
  1142 | D:2      | Reached skill level 5 in Fighting
  1146 | D:2      | Noticed Jessica
  1150 | D:2      | Killed Jessica
  1151 | D:2      | Reached XP level 4. HP: 31/31 MP: 4/4
  1252 | D:2      | Reached XP level 5. HP: 5/35 MP: 5/5
  1381 | D:2      | Reached skill level 3 in Maces & Flails
  2086 | D:3      | Found an ancient bone altar of Kikubaaqudgha.
  2152 | D:3      | Reached skill level 4 in Maces & Flails
  2217 | D:3      | Found Jemorah's Magic Scroll Emporium.
  2645 | D:4      | Found a hide-covered altar of Uskayaw.
  2649 | D:4      | Found a sparkling altar of Nemelex Xobeh.
  2650 | D:4      | Found a glowing golden altar of the Shining One.
  2721 | D:4      | Found an ornate altar of the Wu Jian Council.
  2737 | D:4      | Found a shimmering altar of Xom.
  2745 | D:4      | Found a glowing silver altar of Zin.
  2757 | D:4      | Found a hazy altar of Hepliaklqana.
  2910 | D:4      | Noticed Grinder
  2919 | D:4      | Paralysed by Grinder for 5 turns
  2926 | D:4      | Paralysed by Grinder for 3 turns
  2940 | D:4      | Paralysed by Grinder for 4 turns
  2962 | D:4      | Killed Grinder
  2963 | D:4      | Reached skill level 5 in Maces & Flails
  2963 | D:4      | Reached XP level 6. HP: 8/40 MP: 6/6
  3124 | D:4      | Reached skill level 6 in Maces & Flails
  3124 | D:4      | Reached XP level 7. HP: 39/44 MP: 7/7
  3372 | D:5      | Entered Level 5 of the Dungeon
  3372 | D:5      | Noticed Menkaure
  3380 | D:5      | Slain by Menkaure

Illustrated notes

Levels and vault maps discovered:
D:1:      arrival_aquarium_b, layout_loops_ring, minmay_crystal_room,
          dk_noncrumbling_3
D:2:      layout_basic, minmay_joined_circles, uniq_jessica
D:3:      layout_rooms, kiku_gazebo_garden_becter, serial_shops,
          nicolae_lakefront_shop
D:4:      black_bear_nest_1, layout_rooms, grunt_temple_overflow_open,
          grunt_temple_overflow_cloverleaf, uniq_grinder
D:5:      layout_basic, serial_bayou_lagoon_b, uniq_menkaure

Skill      XL: |  1  2  3  4  5  6 |
---------------+-------------------+-----
Fighting       | 4 5 |  5.5
Maces & Flails | 5 6 |  6.4
Armour         | |  3.2
Shields        | |  3.2

Action                     |  1- 3 |  4- 6 |  7- 9 || total
---------------------------+-------+-------+-------++-------
  Melee: Flail             |   128 |       |       ||   128
         Morningstar       |       |   239 |    11 ||   250
    Use: Scroll            |     5 |     7 |     2 ||    14
         Potion            |       |       |     1 ||     1
 Armour: Scale mail        |    80 |    94 |       ||   174
         Chain mail        |       |    62 |     8 ||    70
  Dodge: Dodged            |    74 |   117 |     2 ||   193
  Block: Buckler           |    43 |    78 |     6 ||   127
